TOP OF THE 1ST |
University of Southern California Trojans batting - Pitching for University of Minnesota Golden Gophers : LHP Sueo Iba
|
Pitching: LHP Sueo Iba
|
|
Batting: RHB Joaquin Salazar
|
0-0: Foul Ball, location: 2F 0-1: Ball 1-1: Ball 2-1: Ball 3-1: Swinging Strike 3-2: Base on Balls
|
Batting: LHB Miguel Espinoza
|
0-0: Ball Joaquin Salazar steals 2nd base 1-0: Ball 2-0: Called Strike 2-1: Foul Ball, location: 2F 2-2: Strikes out swinging
|
Batting: RHB Carlos Livas
|
0-0: DOUBLE (Line Drive, 89D, EV 99.4 MPH) Joaquin Salazar scores
|
Batting: RHB Jon Solis
|
0-0: Called Strike 0-1: Ball 1-1: Called Strike 1-2: Ball 2-2: Ball 3-2: Foul Ball, location: 2F 3-2: Fly out, F6 (Flyball, 6D, EV 90.6 MPH)
|
Batting: SHB Rodrigo Mendoza
|
0-0: Ball Carlos Livas steals 3rd base 1-0: Called Strike 1-1: Swinging Strike 1-2: Ball 2-2: Ball 3-2: SINGLE (Flyball, 89S, EV 88.1 MPH) Carlos Livas scores
|
Batting: LHB Alex Chairez
|
0-0: Ball 1-0: Called Strike Rodrigo Mendoza is caught stealing 2nd base 2-6
|
Top of the 1st over - 2 runs, 2 hits, 0 errors, 0 left on base; University of Southern California 2 - University of Minnesota 0 |
BOTTOM OF THE 1ST |
University of Minnesota Golden Gophers batting - Pitching for University of Southern California Trojans : RHP Jose Lomas
|
Pitching: RHP Jose Lomas
|
|
Batting: RHB Eric Tesler
|
0-0: Ball 1-0: SINGLE (Line Drive, 78S, EV 105.6 MPH)
|
Batting: RHB Ramiro Vega
|
0-0: Swinging Strike 0-1: Fielders Choice at 2nd, 4-6 (Groundball, 4, EV 101.9 MPH)
|
Batting: RHB Roberto Rios
|
0-0: Ball 1-0: Called Strike 1-1: Fly out, F9 (Flyball, 9, EV 90.0 MPH)
|
Batting: RHB Alex Padilla
|
0-0: SINGLE (Line Drive, 7S, EV 109.4 MPH) Ramiro Vega to second
|
Batting: RHB Rory Cobb
|
0-0: Foul Ball, location: 2F 0-1: Ball 1-1: SINGLE (Groundball, 4M, EV 83.1 MPH) (infield hit) Ramiro Vega to third Alex Padilla to second
|
Batting: RHB Rich Tarver
|
0-0: Fly out, F8 (Flyball, 8LM, EV 81.3 MPH)
|
Bottom of the 1st over - 0 runs, 3 hits, 0 errors, 3 left on base; University of Southern California 2 - University of Minnesota 0 |
TOP OF THE 2ND |
University of Southern California Trojans batting - Pitching for University of Minnesota Golden Gophers : LHP Sueo Iba
|
Batting: LHB Alex Chairez
|
0-0: Ball 1-0: Called Strike 1-1: Fly out, F4 (Line Drive, 4, EV 67.5 MPH)
|
Batting: RHB Adam Copsey
|
0-0: Ball 1-0: Foul Ball, location: 2F 1-1: Ball 2-1: Swinging Strike 2-2: Strikes out looking
|
Batting: RHB Humberto Avila
|
0-0: Ball 1-0: SINGLE (Groundball, 34D, EV 94.4 MPH)
|
Batting: LHB Jayden Pelayo
|
0-0: Swinging Strike 0-1: Ball 1-1: Ball 2-1: SINGLE (Groundball, 25, EV 68.1 MPH) (infield hit) Humberto Avila to second
|
Batting: RHB Joaquin Salazar
|
0-0: Called Strike 0-1: Foul Ball, location: 2F 0-2: Strikes out swinging
|
Top of the 2nd over - 0 runs, 2 hits, 0 errors, 2 left on base; University of Southern California 2 - University of Minnesota 0 |
BOTTOM OF THE 2ND |
University of Minnesota Golden Gophers batting - Pitching for University of Southern California Trojans : RHP Jose Lomas
|
Batting: RHB Archer McDowell
|
0-0: Ball 1-0: Fly out, F8 (Flyball, 8LS, EV 93.1 MPH)
|
Batting: RHB David Gomez
|
0-0: Fly out, F7 (Flyball, 7S, EV 87.5 MPH)
|
Batting: RHB Benjie Alejandro
|
0-0: Ball 1-0: Ball 2-0: Swinging Strike 2-1: Ball 3-1: Foul Ball, location: 2F 3-2: Base on Balls
|
Batting: RHB Eric Tesler
|
0-0: Ball 1-0: Foul Ball, location: 2F 1-1: Called Strike 1-2: Foul Ball, location: 2F 1-2: Ball 2-2: SINGLE (Groundball, 34D, EV 101.9 MPH) Benjie Alejandro to second Throwing error, E9 Benjie Alejandro scores Eric Tesler to second
|
Batting: RHB Ramiro Vega
|
0-0: Ball 1-0: Called Strike 1-1: Foul Ball, location: 2F 1-2: Foul Ball, location: 2F 1-2: Fly out, F8 (Flyball, 8LD, EV 102.5 MPH)
|
Bottom of the 2nd over - 1 run, 1 hit, 1 error, 1 left on base; University of Southern California 2 - University of Minnesota 1 |
TOP OF THE 3RD |
University of Southern California Trojans batting - Pitching for University of Minnesota Golden Gophers : LHP Sueo Iba
|
Batting: LHB Miguel Espinoza
|
0-0: Ground out 4-3 (Groundball, 4, EV 78.8 MPH)
|
Batting: RHB Carlos Livas
|
0-0: SINGLE (Groundball, 56S, EV 68.8 MPH) (infield hit)
|
Batting: RHB Jon Solis
|
0-0: Ball 1-0: Called Strike 1-1: Ball 2-1: Called Strike 2-2: Fly out, F9 (Flyball, 9D, EV 108.8 MPH)
|
Batting: SHB Rodrigo Mendoza
|
0-0: Foul Ball, location: 2F 0-1: Ball Carlos Livas steals 2nd, throwing error, E2 Carlos Livas to third 1-1: Swinging Strike 1-2: Foul Ball, location: 2F 1-2: Foul Ball, location: 2F 1-2: SINGLE (Groundball, 4MD, EV 102.5 MPH) Carlos Livas scores
|
Batting: LHB Alex Chairez
|
0-0: Ball Rodrigo Mendoza is caught stealing 2nd base 2-6
|
Top of the 3rd over - 1 run, 2 hits, 1 error, 0 left on base; University of Southern California 3 - University of Minnesota 1 |
BOTTOM OF THE 3RD |
University of Minnesota Golden Gophers batting - Pitching for University of Southern California Trojans : RHP Jose Lomas
|
Batting: RHB Roberto Rios
|
0-0: Ball 1-0: Ball 2-0: Foul Ball, location: 2F 2-1: Swinging Strike 2-2: Ball 3-2: Base on Balls
|
Batting: RHB Alex Padilla
|
0-0: Ball 1-0: Foul Ball, location: 2F 1-1: Ball 2-1: SINGLE (Line Drive, 78M, EV 88.8 MPH) Roberto Rios to second
|
Batting: RHB Rory Cobb
|
0-0: Called Strike 0-1: Reached on error, E6 (Groundball, 6, EV 103.8 MPH) Roberto Rios to third Alex Padilla to second
|
Batting: RHB Rich Tarver
|
0-0: Called Strike 0-1: Fielders Choice at 2nd, 6-4 (Groundball, 6, EV 101.9 MPH) Roberto Rios scores Alex Padilla to third
|
Batting: RHB Archer McDowell
|
0-0: Called Strike Rich Tarver steals 2nd base 0-1: DOUBLE (Flyball, 78XD, EV 97.5 MPH) Alex Padilla scores Rich Tarver scores
|
Batting: RHB David Gomez
|
0-0: Foul Ball, location: 2F 0-1: Called Strike 0-2: Foul Ball, location: 2F 0-2: Ball 1-2: Strikes out looking
|
Batting: RHB Benjie Alejandro
|
0-0: Ball 1-0: Ball 2-0: Foul Ball, location: 2F 2-1: SINGLE (Line Drive, 56D, EV 97.5 MPH) Archer McDowell to third Runner from 3rd tries for Home, SAFE, throw by LF to home
|
Pitching: RHP Henrique Rabaa
|
|
Batting: RHB Eric Tesler
|
0-0: Called Strike 0-1: Ball 1-1: Swinging Strike 1-2: Ball 2-2: Ball 3-2: Foul Ball, location: 2F 3-2: SINGLE (Groundball, 6MD, EV 95.6 MPH) Benjie Alejandro to second Benjie Alejandro to third
|
Batting: RHB Ramiro Vega
|
0-0: Ball 1-0: Called Strike 1-1: DOUBLE (Line Drive, 9LS, EV 110.6 MPH) Benjie Alejandro scores Eric Tesler to third
|
Batting: RHB Roberto Rios
|
0-0: Foul Ball, location: 2F 0-1: Fly out, F8 (Flyball, 89D, EV 101.3 MPH)
|
Bottom of the 3rd over - 5 runs, 5 hits, 1 error, 2 left on base; University of Southern California 3 - University of Minnesota 6 |
TOP OF THE 4TH |
University of Southern California Trojans batting - Pitching for University of Minnesota Golden Gophers : LHP Sueo Iba
|
Batting: LHB Alex Chairez
|
0-0: Foul Ball, location: 2F 0-1: Ground out 5-3 (Groundball, 56S, EV 81.3 MPH)
|
Batting: RHB Adam Copsey
|
0-0: Called Strike 0-1: Ball 1-1: Ground out 3-1 (Groundball, 34, EV 79.4 MPH)
|
Batting: RHB Humberto Avila
|
0-0: Ground out U3 (Groundball, 3S, EV 80.6 MPH)
|
Top of the 4th over - 0 runs, 0 hits, 0 errors, 0 left on base; University of Southern California 3 - University of Minnesota 6 |
BOTTOM OF THE 4TH |
University of Minnesota Golden Gophers batting - Pitching for University of Southern California Trojans : RHP Henrique Rabaa
|
Batting: RHB Alex Padilla
|
0-0: Called Strike 0-1: Ball 1-1: Swinging Strike 1-2: Ball 2-2: Foul Ball, location: 2F 2-2: Ball 3-2: Fly out, F4 (Popup, 4D, EV 51.9 MPH)
|
Batting: RHB Rory Cobb
|
0-0: Ball 1-0: Fly out, F7 (Flyball, 7LM, EV 83.8 MPH)
|
Batting: RHB Rich Tarver
|
0-0: Ball 1-0: Reached on error, E6 (Groundball, 6, EV 90.0 MPH)
|
Batting: RHB Archer McDowell
|
0-0: Ball 1-0: Called Strike 1-1: Ball 2-1: Fielders Choice at 2nd, 5-4 (Groundball, 56, EV 85.6 MPH)
|
Bottom of the 4th over - 0 runs, 0 hits, 1 error, 1 left on base; University of Southern California 3 - University of Minnesota 6 |
TOP OF THE 5TH |
University of Southern California Trojans batting - Pitching for University of Minnesota Golden Gophers : LHP Sueo Iba
|
Pitching: RHP David Stewart
|
|
Batting: LHB Jayden Pelayo
|
0-0: Ball 1-0: Fly out, F9 (Flyball, 89D, EV 93.1 MPH)
|
Batting: RHB Joaquin Salazar
|
0-0: SINGLE (Line Drive, 5D, EV 106.3 MPH)
|
Batting: LHB Miguel Espinoza
|
0-0: Ball Wild Pitch! Joaquin Salazar to second 1-0: Ball 2-0: Foul Ball, location: 2F 2-1: Swinging Strike 2-2: Strikes out swinging
|
Batting: RHB Carlos Livas
|
0-0: 2-RUN HOME RUN (Flyball, 9D, EV 97.5 MPH), Distance : 375 ft
|
Batting: RHB Jon Solis
|
0-0: Ball 1-0: Ball 2-0: Ball 3-0: Base on Balls
|
Batting: SHB Rodrigo Mendoza
|
0-0: Called Strike 0-1: Swinging Strike 0-2: Ball 1-2: Ball 2-2: Strikes out swinging
|
Top of the 5th over - 2 runs, 2 hits, 0 errors, 1 left on base; University of Southern California 5 - University of Minnesota 6 |
BOTTOM OF THE 5TH |
University of Minnesota Golden Gophers batting - Pitching for University of Southern California Trojans : RHP Henrique Rabaa
|
Batting: RHB David Gomez
|
0-0: Ball 1-0: Swinging Strike 1-1: Ball 2-1: Ball 3-1: Base on Balls
|
Batting: RHB Benjie Alejandro
|
0-0: Called Strike 0-1: Swinging Strike 0-2: Foul Ball, location: 2F 0-2: Strikes out swinging
|
Pinch Hitting: RHB Fernando Sosa
|
0-0: Called Strike 0-1: Foul Ball, location: 2F 0-2: Foul Ball, location: 2F 0-2: Ball 1-2: Ball 2-2: Strikes out swinging
|
Pinch Hitting: RHB Alex Cardenas
|
0-0: Ball 1-0: Fly out, F5 (Flyball, 5D, EV 88.8 MPH)
|
Bottom of the 5th over - 0 runs, 0 hits, 0 errors, 1 left on base; University of Southern California 5 - University of Minnesota 6 |
TOP OF THE 6TH |
University of Southern California Trojans batting - Pitching for University of Minnesota Golden Gophers : RHP David Stewart
|
Now at 1B: Remy Zanelli
|
|
Now at SS: Jesus Duran
|
|
Batting: LHB Alex Chairez
|
0-0: Ball 1-0: Fly out, F7 (Flyball, 7, EV 88.1 MPH)
|
Pinch Hitting: LHB Brian Cook
|
0-0: Ball 1-0: Called Strike 1-1: Ball 2-1: Foul Ball, location: 2F 2-2: Ball 3-2: Foul Ball, location: 2F 3-2: Strikes out looking
|
Batting: RHB Humberto Avila
|
0-0: Called Strike 0-1: Foul Ball, location: 2F 0-2: Strikes out swinging
|
Top of the 6th over - 0 runs, 0 hits, 0 errors, 0 left on base; University of Southern California 5 - University of Minnesota 6 |
BOTTOM OF THE 6TH |
University of Minnesota Golden Gophers batting - Pitching for University of Southern California Trojans : RHP Henrique Rabaa
|
Now at 2B: Melvin Ramirez
|
|
Batting: RHB Roberto Rios
|
0-0: Called Strike 0-1: Ball 1-1: Ball 2-1: Called Strike 2-2: Foul Ball, location: 2F 2-2: Ground out 6-3 (Groundball, 6, EV 103.8 MPH)
|
Batting: RHB Alex Padilla
|
0-0: Foul Ball, location: 2F 0-1: Ball 1-1: Swinging Strike 1-2: Ball 2-2: Ball 3-2: SINGLE (Line Drive, 9S, EV 111.3 MPH)
|
Pitching: RHP Mike Bonnar
|
|
Batting: RHB Rory Cobb
|
0-0: Fly out, F3 (Popup, 23F, EV 84.4 MPH)
|
Batting: RHB Rich Tarver
|
0-0: Called Strike Alex Padilla steals 2nd base 0-1: Ball 1-1: Reached on error, E6 (Groundball, 6, EV 91.3 MPH) Alex Padilla to third
|
Pinch Hitting: RHB Jorge Martinez
|
0-0: Ball 1-0: Fielders Choice at 2nd, 6-4 (Groundball, 6, EV 99.4 MPH)
|
Bottom of the 6th over - 0 runs, 1 hit, 1 error, 2 left on base; University of Southern California 5 - University of Minnesota 6 |
TOP OF THE 7TH |
University of Southern California Trojans batting - Pitching for University of Minnesota Golden Gophers : RHP David Stewart
|
Pitching: RHP Clint Sippel
|
|
Now in RF: Shohei Nishi
|
|
Pinch Hitting: SHB Miguel Flores
|
0-0: Foul Ball, location: 2F 0-1: Ball 1-1: Foul Ball, location: 2F 1-2: Fly out, F7 (Flyball, 7LS, EV 88.1 MPH)
|
Pinch Hitting: LHB Armando Arellano
|
0-0: Ball 1-0: Ball 2-0: Foul Ball, location: 2F 2-1: Swinging Strike 2-2: Ball 3-2: Foul Ball, location: 2F 3-2: Foul Ball, location: 2F 3-2: Single, Error in OF, E9, batter to second base (Groundball, 4D, EV 95.6 MPH)
|
Batting: LHB Jeremy Kosnik
|
0-0: Called Strike 0-1: Foul Ball, location: 2F 0-2: Ball 1-2: Ball 2-2: Strikes out looking
|
Batting: RHB Carlos Livas
|
0-0: Called Strike 0-1: Hit by Pitch
|
Batting: RHB Jon Solis
|
0-0: Ball 1-0: DOUBLE (Line Drive, 89D, EV 106.3 MPH) Armando Arellano scores Carlos Livas to third Runner from 3rd tries for Home, SAFE, no throw by CF
|
Pinch Hitting: SHB Chris Barrett
|
0-0: Foul Ball, location: 2F 0-1: Swinging Strike 0-2: Ball 1-2: Strikes out swinging
|
Top of the 7th over - 2 runs, 2 hits, 1 error, 1 left on base; University of Southern California 7 - University of Minnesota 6 |
BOTTOM OF THE 7TH |
University of Minnesota Golden Gophers batting - Pitching for University of Southern California Trojans : RHP Mike Bonnar
|
Now at 3B: Ivan Castillo
|
|
Now in LF: Arturo Galdamez
|
|
Now in CF: Tameo Shigematsu
|
|
Now in RF: Jon Solis
|
|
Batting: LHB Melvin Castillo
|
0-0: Called Strike 0-1: SINGLE (Line Drive, 9LS, EV 95.0 MPH)
|
Batting: RHB Benjie Alejandro
|
0-0: Ball 1-0: Sac Bunt to 13 - play at first, batter OUT! 1-4 Melvin Castillo to second
|
Pinch Hitting: LHB Nick Hilke
|
0-0: Ball 1-0: Ball 2-0: Ball 3-0: Base on Balls
|
Pinch Hitting: RHB Miguel Sanchez
|
0-0: Fly out, F8 (Line Drive, 8RM, EV 102.5 MPH)
|
Batting: RHB Roberto Rios
|
0-0: Called Strike 0-1: Ball 1-1: Ball 2-1: Ball 3-1: Base on Balls Melvin Castillo to third Nick Hilke to second
|
Pinch Hitting: RHB Doug Gagliardi
|
0-0: Ground out 4-3 (Groundball, 4, EV 83.1 MPH)
|
Bottom of the 7th over - 0 runs, 1 hit, 0 errors, 3 left on base; University of Southern California 7 - University of Minnesota 6 |
TOP OF THE 8TH |
University of Southern California Trojans batting - Pitching for University of Minnesota Golden Gophers : RHP Clint Sippel
|
Pitching: LHP George Cormack
|
|
Now at 1B: Luis Canton
|
|
Now at 2B: Rodolfo Cosme
|
|
Now at SS: Doug Gagliardi
|
|
Batting: LHB Alex Chairez
|
0-0: Fly out, F7 (Flyball, 78D, EV 96.3 MPH)
|
Batting: RHB Melvin Ramirez
|
0-0: Called Strike 0-1: Ball 1-1: Foul Ball, location: 2F 1-2: Ball 2-2: Strikes out swinging, 2-3 out at first.
|
Batting: RHB Humberto Avila
|
0-0: Swinging Strike 0-1: Ground out 5-3 (Groundball, 56, EV 86.9 MPH)
|
Top of the 8th over - 0 runs, 0 hits, 0 errors, 0 left on base; University of Southern California 7 - University of Minnesota 6 |
BOTTOM OF THE 8TH |
University of Minnesota Golden Gophers batting - Pitching for University of Southern California Trojans : RHP Mike Bonnar
|
Pinch Hitting: LHB Nick Alston
|
0-0: Foul Ball, location: 2F 0-1: Ball 1-1: Ball 2-1: Ball 3-1: Base on Balls
|
Batting: RHB Rich Tarver
|
0-0: Bunt missed! 0-1: Bunt missed! 0-2: SINGLE (Line Drive, 34D, EV 99.4 MPH) Nick Alston to second
|
Batting: LHB Shohei Nishi
|
0-0: Ball 1-0: Bunt missed! 1-1: Bunt missed! 1-2: Ball 2-2: Ball 3-2: Base on Balls Nick Alston to third Rich Tarver to second
|
Batting: LHB Melvin Castillo
|
0-0: Ball 1-0: Foul Ball, location: 2F 1-1: Called Strike 1-2: Foul Ball, location: 2F 1-2: Foul Ball, location: 2F 1-2: Ball 2-2: Ball Wild Pitch! Nick Alston scores Rich Tarver to third Shohei Nishi to second 3-2: Intentional Walk
|
Pinch Hitting: RHB Matt Dowell
|
0-0: Called Strike 0-1: Fly out, F7 (Flyball, 7, EV 85.6 MPH) Runner from 3rd tags up, OUT at HOME! 7-2 Shohei Nishi to third Melvin Castillo to second
|
Batting: RHB Rodolfo Cosme
|
0-0: Ball 1-0: SINGLE (Line Drive, 7S, EV 86.9 MPH) Shohei Nishi scores Melvin Castillo to third Runner from 3rd tries for Home, SAFE, throw by LF to home
|
Pitching: RHP Nate Crittenden
|
|
Batting: RHB Luis Canton
|
0-0: Ball 1-0: 2-RUN HOME RUN (Flyball, 9LD, EV 90.6 MPH), Distance : 346 ft
|
Batting: RHB Roberto Rios
|
0-0: SINGLE (Groundball, 4M, EV 103.1 MPH)
|
Batting: RHB Doug Gagliardi
|
0-0: Called Strike 0-1: Ball 1-1: Ball 2-1: Foul Ball, location: 2F 2-2: Strikes out swinging
|
Bottom of the 8th over - 5 runs, 4 hits, 0 errors, 1 left on base; University of Southern California 7 - University of Minnesota 11 |
TOP OF THE 9TH |
University of Southern California Trojans batting - Pitching for University of Minnesota Golden Gophers : LHP George Cormack
|
Now at 3B: Shu-yen Shan
|
|
Now in CF: Willie Camacho
|
|
Batting: RHB Tameo Shigematsu
|
0-0: Called Strike 0-1: Foul Ball, location: 2F 0-2: Ball 1-2: Strikes out swinging
|
Batting: RHB Arturo Galdamez
|
0-0: Fly out, F8 (Flyball, 8LS, EV 66.3 MPH)
|
Batting: LHB Jeremy Kosnik
|
0-0: Ground out U3 (Groundball, 3, EV 76.9 MPH)
|
Top of the 9th over - 0 runs, 0 hits, 0 errors, 0 left on base; University of Southern California 7 - University of Minnesota 11 |
|